 Dungeon Crawl Stone Soup version 0.30-a0-341-g682706514a (webtiles) character file.

Game seed: 12857003348751184751

1400 lunkers the Geomancer (level 9, 0/75 HPs)
             Began as a Meteoran Earth Elementalist on Nov 2, 2022.
             Was a Believer of Ashenzari.
             Engulfed by a cloud of steam (13 damage)
             ... on level 7 of the Dungeon.
             The game lasted 00:11:34 (2316 turns).

lunkers the Geomancer (Meteoran Earth Elementalist) Turns: 2316, Time: 00:11:35

Health: 0/75       AC:  4    Str:  9    XL:     9   Next: 20%
Magic:  9/22       EV: 12    Int: 20    God:    Ashenzari [**....]
Gold:   195        SH:  0    Dex: 17    Spells: 14/24 levels left

rFire   . . .      SeeInvis +    o - +1 short sword "Gaze Upon Infinity" {drain, Melee, Self} (curse)
rCold   + . .      Faith    .    A - orb {light}
rNeg    . . .      Spirit   .    g - +1 leather armour of the Unveiling Pleiades {rC+, Bglg, Comp} (curse)
rPois   .          Reflect  .    (no helmet)
rElec   .          Harm     .    D - scarf {repulsion}
rCorr   .          Rampage  .    (no gloves)
Will    +....                    (no boots)
Stlth   +.........               r - amulet of magic regeneration
HPRegen 0.32/turn                d - ring "Astrological Regret" {Wiz, Elem, Range} (curse)
MPRegen 0.58/turn                (no ring)

@: glowing, repel missiles
A: sense surroundings 2, otherworldly, glowing, explore regen
a: Renounce Religion, Shatter the Chains


You were on level 7 of the Dungeon.
You worshipped Ashenzari.
Ashenzari was pleased with you.
You visited 1 branch of the dungeon, and saw 7 of its levels.

You collected 195 gold pieces.

Inventory:

Hand Weapons
 o - the cursed +1 short sword "Gaze Upon Infinity" (weapon) {drain, Melee, Self}
   (You took it off an orc on level 4 of the Dungeon)

   A truly terrible weapon, it drains the life of any living foe it strikes.
   It has a curse which improves the following skills: Melee Combat: Short
   Blades, Long Blades, Axes, Maces & Flails, Polearms, Staves and Unarmed
   Combat.
   Introspection: Fighting and Spellcasting.
 w - a +1 whip of freezing
Armour
 g - the cursed +1 leather armour of the Unveiling Pleiades (worn) {rC+, Bglg, Comp}
   (You found it on level 2 of the Dungeon)

   It has a curse which improves the following skills: Beguiling: Conjurations,
   Hexes and Translocations.
   Companions: Summonings and Necromancy.
 A - an orb of light (worn)
 D - a scarf of repulsion (worn)
Jewellery
 d - the cursed ring "Astrological Regret" (left hand) {Wiz, Elem, Range}
   (You found it on level 1 of the Dungeon)

   [ring of wizardry]

   It improves your spell success rate.
   It has a curse which improves the following skills: Elements: Fire Magic, Ice
   Magic, Air Magic and Earth Magic.
   Ranged Combat: Ranged Weapons and Throwing.
 r - an amulet of magic regeneration (around neck)
 y - a ring of protection from fire
 B - an amulet of reflection
Wands
 v - a wand of polymorph (1)
Scrolls
 c - a scroll of immolation
 f - a scroll of blinking
 h - 2 scrolls of magic mapping
 k - 5 scrolls of amnesia
 l - 2 scrolls of vulnerability
 m - 3 scrolls of teleportation
 p - 2 scrolls of fog
 q - a scroll of fear
 z - a scroll of enchant weapon
Potions
 b - a potion of magic
 e - a potion of lignification
 i - a potion of curing
 j - a potion of mutation
 n - a potion of resistance
 s - a potion of heal wounds
 t - a potion of brilliance
 u - a potion of flight
 x - a potion of attraction
 C - a potion of berserk rage


   Skills:
 + Level 4.7(5.9) Fighting
 - Level 2.4 Dodging
 - Level 1.4 Stealth
 - Level 7.0(8.2) Spellcasting
 - Level 1.2 Transmutations
 - Level 9.8(11.1) Earth Magic


You had 14 spell levels left.
You knew the following spells:

 Your Spells              Type           Power      Damage    Failure   Level
a - Sandblast             Erth           100%       2d20      1%          1
b - Passwall              Tmut/Erth      26%        N/A       1%          2
c - Stone Arrow           Conj/Erth      60%        3d10      1%          3
d - Petrify               Tmut/Erth      32%        N/A       4%          4

Your spell library contained the following spells:

 Spells                   Type           Power      Damage    Failure   Level
 Ignite Poison            Fire/Tmut/Pois 10%        N/A       12%         3
 Inner Flame              Hex/Fire       8%         N/A       13%         3
 Kindle Blastsparks       Fire/Tloc/Air  16%        2d11      13%         3
 Airstrike                Air            4%         2d(1-17)  38%         4
 Flame Wave               Conj/Fire      8%         2d5       38%         4
 Sticky Flame             Conj/Fire      8%         2d3       38%         4
 Summon Lightning Spire   Summ/Air       8%         N/A       38%         4
 Freezing Cloud           Conj/Ice/Air   4%         6-21      73%         5
 Lightning Bolt           Conj/Air       4%         1d15      73%         5
 Ignition                 Fire           4%         3d4       100%        8


Dungeon Overview and Level Annotations

Branches:
Dungeon (7/15) Zot: 1817   Temple (0/1) D:7

Altars:
Ashenzari
Ru

Shops:
D:2 =   D:5 ?

Annotations:
D:2 Terence


Innate Abilities, Weirdness & Mutations

You passively map the area around you.
You are easily found by Zot.
You glow in the dark.
You regain HP and MP as you explore.


Message History

Aim: a steam dragon (chance to affect: 62%)
The steam dragon is moving more slowly.
Casting: Petrify (dangerous; 4% risk of failure)
Confirm with . or Enter, or press ? or * to list all spells.
Aiming: Stone Arrow (safe; 1% risk of failure)
Press: ? - help, Shift-Dir - straight line, f/p - steam dragon
Aim: a steam dragon (petrifying slowly, haloed, 100% to hit)
The stone arrow hits the steam dragon!!
The steam dragon is heavily wounded.
Casting: Stone Arrow (safe; 1% risk of failure)
Confirm with . or Enter, or press ? or * to list all spells.
Aiming: Stone Arrow (safe; 1% risk of failure)
Press: ? - help, Shift-Dir - straight line, f/p - steam dragon
Aim: a steam dragon (heavily wounded, petrifying slowly, haloed, 100% to hit)
The stone arrow hits the steam dragon!
The steam dragon is severely wounded.
The steam dragon breathes steam at you. The ball of steam hits you!!
* * * LOW HITPOINT WARNING * * *
You are engulfed in a cloud of scalding steam.
* * * LOW HITPOINT WARNING * * *
The steam dragon stops moving altogether!
Casting: Stone Arrow (safe; 1% risk of failure)
Confirm with . or Enter, or press ? or * to list all spells.
Aiming: Stone Arrow (safe; 1% risk of failure)
Press: ? - help, Shift-Dir - straight line, f/p - steam dragon
Aim: a steam dragon (severely wounded, petrified, catching its breath, haloed, 100% to hit)
The stone arrow hits the steam dragon!
The steam dragon is almost dead.
You are engulfed in a cloud of scalding steam.
* * * LOW HITPOINT WARNING * * *
Casting: Stone Arrow (safe; 1% risk of failure)
Confirm with . or Enter, or press ? or * to list all spells.
Aiming: Stone Arrow (safe; 1% risk of failure)
Press: ? - help, Shift-Dir - straight line, f/p - steam dragon
Aim: a steam dragon (almost dead, petrified, catching its breath, haloed, 100% to hit)
The stone arrow hits the steam dragon!
You kill the steam dragon!
You are engulfed in a cloud of scalding steam.
You die...

#. #.D.... #.~~§§~.# *
*.# #..... ,#~~~~§~~# ,
:,+.... #~~~>§§~# * *
#.#.§. , #~~~~§§~# ,
#.#§§ , , #.~~§§~.# *
#..§###### #..~~~..#
*#.#...§###....#!# <
#...§§§§.§......#
###...@##.....#########
#########....# #.....
*#######.###.[...
..........#.....
..).....#.......
*........##......
##########......
#####'#### #......#


There were no monsters in sight!

Vanquished Creatures
  Pikel (D:4)
  A steam dragon (D:7)
  An orc warrior (D:6)
  A black bear (D:4)
  2 ogres
  A lemure (D:5)
  A gnoll sergeant (D:7)
  A howler monkey (D:5)
  A jelly (D:5)
  3 orc priests
  Jessica (D:3)
  2 iguanas
  4 orc wizards
  5 gnolls (D:7)
  8 adders
  3 dart slugs
  30 orcs
  5 ball pythons
  5 endoplasms
  4 giant cockroaches
  3 hobgoblins
  4 jackals (D:3)
  5 quokkas
  2 bats (D:3)
  A frilled lizard (D:2)
  3 goblins
  9 kobolds
  2 rats
109 creatures vanquished.

Notes
Turn   | Place    | Note
-------+----------+-------------------------------------------
     0 | D:1      | lunkers the Meteoran Earth Elementalist began the quest for
                  | the Orb.
     0 | D:1      | Reached XP level 1. HP: 14/14 MP: 5/5
   108 | D:1      | Reached XP level 2. HP: 20/20 MP: 4/6
   132 | D:1      | Reached skill level 4 in Earth Magic
   345 | D:2      | Noticed Terence
   389 | D:2      | Found Niopt's Jewellery Shop.
   425 | D:2      | Reached XP level 3. HP: 23/26 MP: 4/8
   694 | D:3      | Reached XP level 4. HP: 33/33 MP: 8/10
   716 | D:4      | Reached skill level 5 in Earth Magic
   767 | D:4      | Noticed a black bear
   771 | D:4      | Killed a black bear
   772 | D:4      | Reached skill level 6 in Earth Magic
   772 | D:4      | Reached XP level 5. HP: 31/38 MP: 6/12
   784 | D:4      | Found a sacrificial altar of Ru.
   879 | D:4      | Reached XP level 6. HP: 45/45 MP: 11/13
   996 | D:3      | Learned a level 2 spell: Passwall
  1000 | D:3      | Learned a level 3 spell: Stone Arrow
  1172 | D:3      | Found a faded altar of an unknown god.
  1176 | D:3      | Prayed at the altar of an unknown god.
  1176 | D:3      | Became a worshipper of Ashenzari the Shackled
  1218 | D:3      | Noticed Jessica
  1222 | D:3      | Killed Jessica
  1223 | D:3      | Reached skill level 7 in Earth Magic
  1351 | D:5      | Entered Level 5 of the Dungeon
  1351 | D:5      | Found Talirr's Magic Scroll Shoppe.
  1374 | D:5      | Reached skill level 5 in Spellcasting
  1375 | D:5      | Reached XP level 7. HP: 36/50 MP: 10/15
  1452 | D:5      | Noticed Pikel
  1457 | D:5      | Reached skill level 8 in Earth Magic
  1499 | D:4      | Identified the cursed +1 leather armour of the Unveiling
                  | Pleiades {rC+, Bglg, Comp} (You found it on level 2 of the
                  | Dungeon)
  1542 | D:4      | Killed Pikel
  1543 | D:4      | Reached skill level 9 in Earth Magic
  1543 | D:4      | Reached XP level 8. HP: 22/57 MP: 7/19
  1666 | D:5      | Reached * piety under Ashenzari
  1756 | D:6      | Reached skill level 1 in Fighting
  1767 | D:6      | Gained mutation: You passively map the area around you.
                  | [Meteoran growth]
  1767 | D:6      | Reached XP level 9. HP: 31/69 MP: 8/20
  1854 | D:6      | Learned a level 4 spell: Petrify
  2180 | D:6      | Reached ** piety under Ashenzari
  2284 | D:7      | Found a staircase to the Ecumenical Temple.
  2316 | D:7      | Engulfed by a cloud of steam

Illustrated notes

Levels and vault maps discovered:
D:1:      lemuel_arrival_tunnels, layout_basic
D:2:      layout_loops_ring, serial_shops, shop, glass_columns_b,
          kennysheep_path_1, uniq_terence
D:3:      layout_basic, hellmonk_ecumenical_altar_lost_god,
          portal_sewer_entry_d, uniq_jessica
D:4:      layout_loops_ring, hangedman_ru_absence, grunt_ministairs_7
D:5:      layout_rooms, serial_shops, shop, uniq_pikel
D:6:      layout_basic, skrybe_limestone_x, chequers_serial_rivers_large_b
D:7:      layout_basic, minmay_temple_entry_mist, serial_shops,
          nicolae_shop_crystal, nrook_mini_vaults, uniq_menkaure

Skill      XL: |  1  2  3  4  5  6  7  8  9 |
---------------+----------------------------+-----
Earth Magic    | 4 6 7 9 |  9.8
Spellcasting   | 3 4 5 6 7 |  7.0
Fighting       | 3 4 |  4.7
Dodging        | |  2.4
Stealth        | |  1.4
Transmutations | |  1.2

Action                   |  1- 3 |  4- 6 |  7- 9 || total
-------------------------+-------+-------+-------++-------
Melee: Unarmed           |       |     2 |    14 ||    16
 Cast: Sandblast         |    46 |    58 |    54 ||   158
       Stone Arrow       |       |       |    16 ||    16
       Petrify           |       |       |     1 ||     1
Invok: Curse Item        |       |     1 |     2 ||     3
Armor: Leather armour    |     1 |     6 |    10 ||    17
       Skin              |       |       |     8 ||     8
Dodge: Dodged            |     5 |    11 |    32 ||    48

Table legend: (Time is in decaauts)
 A = Elapsed time spent in this place.
 B = Non-inter-level travel time spent in this place.
 C = Inter-level travel time spent in this place.
 D = Time resting spent in this place.
 E = Time spent auto-exploring this place.
 F = Levels seen in this place.
 G = Mean time per level.
                   A        B        C        D        E       F      G
               +--------+--------+--------+--------+--------+-----+--------+
         Total |   2382 |   2183 |    199 |      0 |   1446 |   7 |  340.3 |
       Dungeon |   2382 |   2183 |    199 |      0 |   1446 |   7 |  340.3 |
               +--------+--------+--------+--------+--------+-----+--------+

Top non-repeatable levels by time:
     D:6: 550 daAuts
     D:3: 459 daAuts
     D:4: 437 daAuts
     D:2: 364 daAuts
     D:5: 248 daAuts
     D:1: 213 daAuts
     D:7: 109 daAuts
